[Event "National Open"]
[Site "Las Vegas"]
[Date "2021.06.19"]
[Round "6"]
[White "Guo, Arthur"]
[Black "Gareyev, Timur"]
[Result "1-0"]
[ECO "C77"]
[WhiteElo "2473"]
[BlackElo "2692"]
[Annotator "Lang"]
[PlyCount "85"]
[EventDate "2021.??.??"]
[SourceTitle "CL September 2021"]
[SourceDate "2021.09.01"]
[SourceVersion "1"]
[SourceVersionDate "2021.09.01"]
[SourceQuality "1"]
[TimeControl "5400+30"]

1. e4 e5 2. Nf3 Nc6 3. Bb5 a6 4. Ba4 Nf6 5. d3 d6 6. c3 g6 7. O-O Bg7 8. Re1
O-O 9. Nbd2 Rb8 10. Nf1 b5 11. Bc2 h6 12. Ng3 Re8 13. h3 d5 14. d4 exd4 15. e5
d3 16. Qxd3 Ne4 17. Nxe4 Bf5 {DIAGRAM} 18. Qf1 $1 {With this maneuvering, Guo
sets a deep trap that ends in black's queen being the one who is endlessly
pinned} Nxe5 $2 (18... dxe4 {was essential, preventing the pin white set up by
moving the queen off the d-file} 19. Bxe4 Nxe5 20. Nxe5 Rxe5 21. Bxf5 Rxf5 22.
Be3 $10 {without obvious improvements for either side}) 19. Nxe5 Bxe5 (19...
Rxe5 20. Bf4 Re8 21. Rad1 {and white is much better}) 20. Rd1 $1 Bg7 21. f3 b4
22. c4 c6 23. cxd5 cxd5 24. Bb3 Qb6+ 25. Nf2 Rbd8 26. Kh1 Bd7 27. Ng4 $1 {
A nice finesse, ignoring the pawn to both target kingside weaknesses and
simplify the position to one where white's pieces reign supreme} Bb5 28. Qg1
Qxg1+ 29. Kxg1 h5 30. Nf2 Re2 31. Bg5 Rde8 32. Bxd5 Rxb2 33. Ne4 Kf8 34. Rac1
Ba4 35. Re1 Bd4+ 36. Kh1 Bc2 37. Nf6 Rxe1+ 38. Rxe1 Kg7 39. Re7 Rb1+ 40. Kh2
Bg1+ 41. Kg3 h4+ 42. Kxh4 Bf2+ 43. g3 {1-0 Black resigns.} 1-0

[Event "National Open"]
[Site "Las Vegas"]
[Date "2021.06.19"]
[Round "7"]
[White "Niemann, Hans"]
[Black "Guo, Arthur"]
[Result "0-1"]
[ECO "E06"]
[WhiteElo "2648"]
[BlackElo "2473"]
[Annotator "Lang"]
[PlyCount "60"]
[EventDate "2021.??.??"]
[SourceTitle "CL September 2021"]
[SourceDate "2021.09.01"]
[SourceVersion "1"]
[SourceVersionDate "2021.09.01"]
[SourceQuality "1"]
[TimeControl "5400+30"]

1. d4 Nf6 2. c4 e6 3. Nf3 d5 4. g3 Be7 5. Bg2 O-O 6. O-O c6 7. Nc3 Nbd7 8. Nd2
b6 {Inaccuracy. b5 was best.} (8... b5) 9. e4 dxc4 10. Nxc4 Ba6 11. b3 b5 12.
Ne3 b4 13. Ne2 e5 $5 (13... c5 {Guo chooses to eschew complications coming from
} 14. e5 Ne8 15. Bxa8 (15. Re1 {Perhaps because Niemann could decline the
sacrifice and play for a space advantage}) 15... Qxa8 16. Nc4 Nb6 $132) 14. Bb2
exd4 15. Bxd4 $5 (15. Nxd4 {Now white had chances to create a material
imbalances, but again it is easier to be tempted by such glamour in analysis
than over the board} Bxf1 (15... Ne5 {and again, declining the gift might have
been prudent, but here the f5 square is a significant gain for white}) 16. Qxf1
{it is unclear how black should progress, with no targets or coordination.})
15... Nc5 16. Nf5 Ne6 17. Bb2 Bc5 18. e5 $2 (18. Qe1 Qb6 19. Bxf6 gxf6 20. h4
$13 {as black's damaged kingside makes up for white's less active pieces})
18... Qxd1 $2 (18... Ng4 19. Nd6 (19. Nfd4 Nxd4 20. Nxd4 Bxf1) 19... Qb6 $19 {
and it is hard to see how white can resist the attack}) 19. Rfxd1 Ng4 20. Ned4
{White's pieces come to life just in time} Nxe5 21. Nxc6 Nxc6 22. Bxc6 Rac8 23.
Bd5 Bxf2+ {DIAGRAM (MAYBE?)} 24. Kh1 $2 (24. Kxf2 Rc2+ 25. Kg1 Rxb2 26. Ne7+
Kh8 27. Rdb1 Re2 28. Re1 Nd4 (28... Rd2 29. Rad1) 29. Rxe2 Nxe2+ 30. Kf2 {
and the attack has dissapaited}) 24... Rc2 {and now black's pressure is too
much to handle} 25. Be5 Bc5 26. Rac1 Rxc1 27. Rxc1 Rd8 28. Bg2 f6 29. Bf4 Bd3
30. Ne3 g5 {0-1 White resigns.} 0-1

[Event "National Open"]
[Site "Las Vegas"]
[Date "2021.06.20"]
[Round "9"]
[White "Matviishen, Viktor"]
[Black "Posthuma, Joshua"]
[Result "0-1"]
[ECO "A50"]
[WhiteElo "2575"]
[BlackElo "2416"]
[Annotator "Lang"]
[PlyCount "64"]
[EventDate "2021.??.??"]
[SourceTitle "CL September 2021"]
[SourceDate "2021.09.01"]
[SourceVersion "1"]
[SourceVersionDate "2021.09.01"]
[SourceQuality "1"]
[TimeControl "5400+30"]

1. d4 Nf6 2. c4 b6 3. Nc3 Bb7 4. Qc2 d5 5. cxd5 Nxd5 6. Nf3 e6 7. e4 Nxc3 8.
bxc3 Nd7 9. Bd3 c5 10. O-O Rc8 11. Qe2 cxd4 12. cxd4 Be7 13. Bf4 O-O 14. Rfd1
Nf6 15. d5 exd5 16. e5 Nh5 17. Be3 g6 18. Nd4 Ng7 19. Qg4 f5 20. Qf3 f4 21. Bc1
Bc5 22. Ne2 Ne6 23. Qg4 Qe7 24. Rb1 Rf7 25. Rb3 Rcf8 26. Bb1 Bc8 27. Qf3 Ng5
28. Qc3 f3 29. Ng3 fxg2 30. Bxg5 Qxg5 31. Rxd5 Rxf2 32. Rxc5 Rf1+ {0-1 White
resigns.} 0-1

[Event "National Open"]
[Site "Las Vegas"]
[Date "2021.06.18"]
[Round "5"]
[White "Niemann, Hans"]
[Black "Shetty, Atulya Arya"]
[Result "1-0"]
[ECO "D43"]
[WhiteElo "2648"]
[BlackElo "2551"]
[Annotator "Lang"]
[PlyCount "97"]
[EventDate "2021.??.??"]
[SourceTitle "CL September 2021"]
[SourceDate "2021.09.01"]
[SourceVersion "1"]
[SourceVersionDate "2021.09.01"]
[SourceQuality "1"]
[TimeControl "5400+30"]

1. d4 d5 2. c4 c6 3. Nf3 Nf6 4. Nc3 e6 5. Bg5 Nbd7 6. cxd5 exd5 7. e3 h6 8. Bh4
g5 9. Bg3 Nh5 10. Be5 Nhf6 11. Be2 Nxe5 12. Nxe5 Nd7 13. Nd3 Bg7 14. Bg4 O-O
15. Bf5 Qf6 {[#]} 16. g4 $1 {a classy move, temporarily outposting the bishop,
but with the intention to trade it off and switch from a squeeze to an
explosion after} Nb6 17. Bxc8 Nxc8 18. h4 $1 {a great practical choice} Nd6 (
18... gxh4 {Perhaps Shetty's best option was to prevent Niemann from opening
the h-file, grabbing the pawn and saying 'show me,' after which it is not
clear what Niemann planned.} 19. Ne5 Re8 20. Qc2 Nd6 {Black's king is weak,
but there is no imminent breakthrough, and} 21. f4 {looks risky due to} Nc4 $15
) 19. hxg5 hxg5 20. Qe2 Rfe8 21. O-O-O Ne4 22. Qc2 Rac8 23. Kb1 b6 24. Nxe4
Rxe4 25. Ne5 {The exchange is lost, but all is not clear yet} Qe6 26. Qd3 c5
27. f3 c4 $2 {[#]} (27... Rxe5 28. dxe5 Qxe5 29. Rd2 $16 {The extra material
and pressure on d5 should give white an advantage, but black still has nagging
pressure on the dark squares.}) 28. Nxc4 $1 Rxd4 29. exd4 dxc4 30. Qh7+ Kf8 {
Compared to 27...Rxe5, black is in dire straits, and Niemann shows excellent
technique converting.} 31. Rhe1 Qd7 32. Qf5 Qxf5+ 33. gxf5 Rd8 34. d5 Rd6 35.
a4 a6 36. Re4 b5 37. Kc2 Bf6 38. axb5 axb5 39. b3 cxb3+ 40. Kxb3 Be7 41. Rde1
Rd7 42. d6 Bxd6 43. f6 $1 Rd8 44. Rh1 Kg8 45. Rh5 Bf4 46. Re1 Rd3+ 47. Kc2 Rd2+
48. Kb1 Rh2 49. Re8# {1-0 White wins by checkmate.} 1-0

[Event "National Open"]
[Site "Las Vegas"]
[Date "2021.06.18"]
[Round "5"]
[White "Rozman, Levy"]
[Black "Yoo, Christopher"]
[Result "1-0"]
[ECO "A17"]
[WhiteElo "2436"]
[BlackElo "2564"]
[Annotator "Lang"]
[PlyCount "73"]
[EventDate "2021.??.??"]
[SourceTitle "CL September 2021"]
[SourceDate "2021.09.01"]
[SourceVersion "1"]
[SourceVersionDate "2021.09.01"]
[SourceQuality "1"]
[TimeControl "5400+30"]

1. c4 e6 2. Nc3 Nf6 3. Nf3 d5 4. e3 Bd6 5. b3 O-O 6. Bb2 c6 7. d4 b6 8. Qc2 Bb7
9. Be2 Nbd7 10. O-O Qe7 11. Rad1 Rfd8 12. e4 dxe4 13. Nxe4 Nxe4 14. Qxe4 Nf6
15. Qh4 Ba3 16. Ba1 c5 17. d5 exd5 18. Bd3 h6 19. Rfe1 Qd6 20. cxd5 Nxd5 21.
Be5 Qe7 22. Qg3 Qf8 {DIAGRAM} 23. Ng5 $4 hxg5 24. Qxg5 Ne7 25. Qh5 f5 $4 (25...
Ng6 $1 26. Re3 {but the attack just does not materialize after} Qe8 27. Bxg7
Rxd3 $3 28. Rdxd3 Qc6) 26. Bc4+ Bd5 27. Rxd5 Nxd5 28. Rd1 Qe8 29. Qxf5 Qc6 30.
Rxd5 Rxd5 31. Qg5 Kf7 32. Bxg7 Ke6 33. Qe5+ Kd7 34. Bxd5 Qg6 35. Be4 Qe8 36.
Qd5+ Ke7 37. Qxa8 {1-0 Black resigns.} 1-0